 Dungeon Crawl Stone Soup version 0.30-a0-576-g89cddaab80 (webtiles) character file.

Game seed: 2236112655529132984

416 HoaS the Skirmisher (level 6, -1/35 HPs)
             Began as a Tengu Hunter on Dec 30, 2022.
             Slain by a ball python (3 damage)
             ... on level 5 of the Dungeon.
             The game lasted 00:09:26 (3290 turns).

HoaS the Skirmisher (Tengu Hunter)                  Turns: 3290, Time: 00:09:27

Health: -1/35      AC:  3    Str: 12    XL:     6   Next: 92%
Magic:  7/7        EV: 11    Int:  9    God:
Gold:   207        SH:  0    Dex: 19    Spells: 5/5 levels left

rFire   . . .      SeeInvis .    a - +0 shortbow
rCold   . . .      Faith    .    (shield currently unavailable)
rNeg    . . .      Spirit   .    c - +0 leather armour
rPois   .          Reflect  .    (helmet restricted)
rElec   .          Harm     .    (no cloak)
rCorr   .          Rampage  .    (no gloves)
Will    +....                    (boots unavailable)
Stlth   ++                       h - amulet of the acrobat
HPRegen 0.25/turn                j - ring of willpower
MPRegen 0.10/turn                (no ring)

@: mighty, about to teleport, flying quickly and evasively, constricted,
studying Ranged Weapons, quick
A: beak, talons 3, nimble flight
a: no special abilities


You were on level 5 of the Dungeon.
You visited 1 branch of the dungeon, and saw 5 of its levels.

You collected 243 gold pieces.
You spent 36 gold pieces at shops.

Inventory:

Hand Weapons
 a - a +0 shortbow (weapon)
Armour
 c - a +0 leather armour (worn)
Jewellery
 h - an amulet of the acrobat (around neck)
 j - a ring of willpower (left hand)
Wands
 i - a wand of flame (4)
Scrolls
 b - 2 scrolls of immolation
Potions
 e - 3 potions of attraction
 f - 4 potions of curing
 k - a potion of mutation {unknown}
 l - a potion of cancellation {unknown}
 m - a potion of magic {unknown}


   Skills:
 - Level 2.0 Fighting
 + Level 11.1 Ranged Weapons
 - Level 2.1 Dodging
 - Level 1.0 Stealth


You had 5 spell levels left.
You didn't know any spells.
Your spell library contained the following spells:

 Spells                   Type           Power      Damage    Failure   Level
 Blink                    Tloc           0%         N/A       61%         2
 Momentum Strike          Conj/Tloc      0%         3d8       61%         2
 Ignite Poison            Fire/Tmut/Pois 0%         N/A       83%         3
 Lesser Beckoning         Tloc           0%         N/A       83%         3
 Sticky Flame             Conj/Fire      0%         2d3       99%         4
 Ignition                 Fire           0%         3d3       100%        8


Dungeon Overview and Level Annotations

Branches:
Dungeon (5/15)
 Temple: D:4-7

Altars:
Kikubaaqudgha

Shops:
D:4 ?


Innate Abilities, Weirdness & Mutations

You have a beak for a mouth.
You have claws for feet.
Your magical nature lets you fly swiftly and evasively.


Message History

The hound is moderately wounded.
A rat comes into view.
You shoot an arrow. The arrow hits the hound.
The hound is severely wounded.
The hound misses you. The ball python misses you. The ball python grabs you.
You stop ascending the stairs.
The ball python constricts you. The hound bites you.
You shoot an arrow.
The arrow barely misses the ball python.
The ball python barely misses you. The ball python constricts you.
The hound bites you. The iguana barely misses you.
You feel very mighty all of a sudden. The hound bites you.
The ball python loses its grip on you. The iguana bites you!
The hound bites you.
Okay, then.
As you read the scroll of teleportation, it crumbles to dust.
You feel strangely unstable. The ball python barely misses you.
The ball python grabs you. The ball python constricts you. The adder bites you.
The hound bites you. The iguana closely misses you.
The ball python closely misses you. The ball python constricts you.
The adder bites you but does no damage.
You shoot an arrow.
The arrow hits the hound but does no damage.
The hound is severely wounded.
The hound barely misses you. The iguana closely misses you.
The ball python closely misses you. The ball python constricts you.
The adder barely misses you.
You shoot an arrow. The arrow barely misses the hound.
The arrow hits the rat.
The rat is severely wounded.
The hound bites you. The adder bites you but does no damage.
The ball python barely misses you. The ball python constricts you.
The hound bites you.
* * * LOW HITPOINT WARNING * * *
The iguana closely misses you.
You shoot an arrow. The arrow barely misses the hound.
The arrow hits the rat!
You kill the rat!
The adder closely misses you. The hound bites you.
* * * LOW HITPOINT WARNING * * *
The ball python bites you.
You die...

.########
.....rSS#
......h@#
......l.#
........#
.......$#
........#
........#
#########


You could see an iguana, a hound, an adder, a ball python and a rat.

Vanquished Creatures
  A scorpion (D:4)
  2 vampire bats (D:3)
  An orc wizard (D:4)
  Terence (D:3)
  4 gnolls (D:3)
  9 adders
  2 worms
  2 dart slugs
  9 orcs
  9 ball pythons
  5 bats
  3 bat skeletons (D:3)
  2 bat zombies (D:3)
  6 endoplasms
  5 giant cockroaches
  5 goblins
  8 hobgoblins
  8 jackals
  3 quokkas
  5 frilled lizards
  3 kobolds
  10 rats
103 creatures vanquished.

Notes
Turn   | Place    | Note
-------+----------+-------------------------------------------
     0 | D:1      | HoaS the Tengu Hunter began the quest for the Orb.
     0 | D:1      | Reached XP level 1. HP: 12/12 MP: 2/2
    99 | D:1      | Reached XP level 2. HP: 13/17 MP: 3/3
   169 | D:1      | Reached skill level 5 in Ranged Weapons
   415 | D:1      | Reached XP level 3. HP: 21/21 MP: 4/4
   661 | D:2      | Identified a scroll of acquirement
   661 | D:2      | Acquired a manual of Ranged Weapons
   845 | D:2      | Reached skill level 6 in Ranged Weapons
  1149 | D:2      | Reached XP level 4. HP: 13/26 MP: 5/5
  1350 | D:2      | Reached skill level 7 in Ranged Weapons
  1820 | D:3      | Noticed Terence
  1858 | D:3      | Found a faded altar of an unknown god.
  1929 | D:3      | Reached skill level 8 in Ranged Weapons
  1929 | D:3      | Gained mutation: Your magical nature lets you fly swiftly
                  | and evasively. [Tengu growth]
  1929 | D:3      | Reached XP level 5. HP: 30/30 MP: 6/6
  2287 | D:3      | Reached skill level 9 in Ranged Weapons
  2296 | D:3      | Reached XP level 6. HP: 31/35 MP: 7/7
  2299 | D:3      | Found an ancient bone altar of Kikubaaqudgha.
  2521 | D:3      | Killed Terence
  2522 | D:3      | Reached skill level 10 in Ranged Weapons
  2547 | D:4      | Found Rolar's Magic Scroll Emporium.
  2557 | D:4      | Bought a scroll of teleportation for 36 gold pieces
  2897 | D:4      | Reached skill level 11 in Ranged Weapons
  3274 | D:5      | Entered Level 5 of the Dungeon
  3290 | D:5      | Slain by a ball python

Illustrated notes

Levels and vault maps discovered:
D:1:      wander_arrival_peaceful_grave, layout_loops_ring
D:2:      layout_rooms, corner_web_ring, roderic_serpentine_path,
          chequers_serial_rivers_micro_d, minmay_misc_feat_x,
          hangedman_decor_diamond_cutter
D:3:      layout_loops_ring, kennysheep_vampire_church,
          hellmonk_ecumenical_altar_run_dry, uniq_terence
D:4:      layout_loops_ring, serial_shops, shop
D:5:      layout_rooms, mainiacjoe_overflow_large_starburst,
          portal_sewer_entry_a, nzn_random_ring, uniq_ijyb, uniq_pikel

Skill      XL: |  1  2  3  4  5  6 |
---------------+-------------------+-----
Ranged Weapons | 5 6 8 9 11 | 11.1
Fighting       | |  2.0
Dodging        | |  2.1
Stealth        | |  1.0

Action                   |  1- 3 |  4- 6 || total
-------------------------+-------+-------++-------
 Fire: Shortbow          |    97 |   185 ||   282
  Use: Scroll            |     6 |     8 ||    14
       Potion            |       |     1 ||     1
Armor: Leather armour    |    11 |    14 ||    25
Dodge: Dodged            |    32 |    81 ||   113

Table legend: (Time is in decaauts)
 A = Elapsed time spent in this place.
 B = Non-inter-level travel time spent in this place.
 C = Inter-level travel time spent in this place.
 D = Time resting spent in this place.
 E = Time spent auto-exploring this place.
 F = Levels seen in this place.
 G = Mean time per level.
                   A        B        C        D        E       F      G
               +--------+--------+--------+--------+--------+-----+--------+
         Total |   3222 |   3153 |     69 |    398 |   2154 |   5 |  644.4 |
       Dungeon |   3222 |   3153 |     69 |    398 |   2154 |   5 |  644.4 |
               +--------+--------+--------+--------+--------+-----+--------+

Top non-repeatable levels by time:
     D:2: 1021 daAuts
     D:3: 844 daAuts
     D:1: 673 daAuts
     D:4: 668 daAuts
     D:5: 15 daAuts
